 Dungeon Crawl Stone Soup version 0.31-a0-150-g89dc3ad700 (webtiles) character file.

Game seed: 15773827366998788308

213 Dittersdorf the Shield-Bearer (level 5, -7/34 HPs)
             Began as a Gargoyle Fighter on June 8, 2023.
             Killed by divine providence
             ... invoked by an orc priest
              (15 damage)
             ... on level 4 of the Dungeon.
             The game lasted 00:03:46 (2440 turns).

Dittersdorf the Shield-Bearer (Gargoyle Fighter)    Turns: 2440, Time: 00:03:46

Health: -7/34      AC: 13    Str: 21    XL:     5   Next: 90%
Magic:  5/5        EV:  8    Int:  9    God:
Gold:   235        SH:  4    Dex:  9    Spells: 4/4 levels left

rFire   . . .        q - +0 morningstar
rCold   . . .        c - +0 buckler
rNeg    + . .        j - +0 chain mail
rPois   ∞            (no helmet)
rElec   +            (no cloak)
rCorr   .            (no gloves)
SInv    .            (no boots)
Will    .....        r - amulet of faith Stlth
                     (no ring)
HPRegen 0.25/turn    (no ring)
MPRegen 0.09/turn

%: faith
@: no status effects
A: sickness immunity, AC +4, negative energy resistance 1, electricity
resistance, torment resistance 1, petrification resistance
a: no special abilities


You were on level 4 of the Dungeon.
You visited 1 branch of the dungeon, and saw 4 of its levels.

You collected 235 gold pieces.

Inventory:

Hand Weapons
 q - a +0 morningstar (weapon)
Armour
 c - a +0 buckler (worn)
 j - a +0 chain mail (worn)
Jewellery
 r - an amulet of faith (around neck)
Wands
 m - a wand of mindburst (12)
Scrolls
 a - a scroll of teleportation {unknown}
 b - a scroll of poison {unknown}
 e - a scroll of fog {unknown}
 l - a scroll of butterflies {unknown}
Potions
 d - 2 potions of might
 f - 3 potions of curing {unknown}
 g - 3 potions of attraction {unknown}
 h - a potion of haste {unknown}
 k - 2 potions of enlightenment {unknown}
 n - a potion of ambrosia {unknown}


   Skills:
 + Level 4.5 Fighting
 + Level 3.3 Maces & Flails
 + Level 4.4 Armour
 + Level 4.5 Shields


You had 4 spell levels left.
You didn't know any spells.
Your spell library was empty.

Dungeon Overview and Level Annotations

Branches:
Dungeon (4/15)
 Temple: D:4-7

Altars:
Fedhas

Shops:
D:1 !:!?


Innate Abilities, Weirdness & Mutations

You are immune to sickness and miasma.
Your stone body is resilient. (AC +4)
You are immune to poison.
You resist negative energy. (rN+)
You are resistant to electric shocks. (rElec)
You are resistant to unholy torment.
You are immune to petrification.


Message History

Found a leather armour.
An orc and an orc priest come into view.
The orc is wielding a +1 falchion of holy wrath.
The orc shouts!
The orc priest shouts!
The orc wizard casts a spell.
The orc wizard flickers and vanishes!
Deactivating autopickup; reactivate with Ctrl-A.
An orc comes into view. It is wielding a +0 short sword.
The orc throws a boomerang.
You block the boomerang.
A magic dart appears from out of thin air!
The magic dart hits you but does no damage.
You are confused.
You bump into the rock wall.
You are more confused.
The orc throws a boomerang.
The boomerang hits you but does no damage.
The orc priest mumbles some strange prayers to Beogh against you.
Beogh smites you!
You bump into the rock wall.
You bump into the rock wall.
The orc priest looks braver for a moment.
You're too confused to move!
Something hits you but does no damage.
You hear some strange, mumbled words.
A puff of flame appears from out of thin air!
The puff of flame hits you but does no damage.
The orc priest invokes the aid of Beogh against you.
Beogh smites you!
* * * LOW HITPOINT WARNING * * *
The orc throws a boomerang.
The boomerang closely misses you.
You feel less confused. Something hits you but does no damage.
Something hits you but does no damage.
The orc priest mumbles some strange prayers to Beogh against you.
Something writhes in agony.
The orc attacks as you move away! The orc barely misses you.
The orc throws a boomerang.
The boomerang barely misses you.
The orc priest invokes the aid of Beogh against you.
Beogh smites you!
You die...

######### ..>.....#
##########.#..... ........#
#.......##.#.....
........######.......##.#....
.............'..............
........######............#
.........#####..@.........#
##+##....)......###.......#
#..#.(####....#<......#
....##†##..##oo.#..†...##......
.....#..#.)..#...####....+......
#.....#....#..#...# ##.###....$.
......##..##.##...# ######..o..[
#.... .####..#....# #.. ........
.............# #.###....o..


You could see an orc priest.

Vanquished Creatures
  A hound (D:2)
  An orc priest (D:2)
  An orc wizard (D:3)
  Terence (D:2)
  2 adders
  2 worms (D:2)
  4 dart slugs
  7 orcs
  4 ball pythons
  6 endoplasms
  5 giant cockroaches
  10 hobgoblins
  A quokka (D:2)
  3 bats (D:3)
  8 frilled lizards
  3 goblins
  8 kobolds
  5 rats
72 creatures vanquished.

Notes
Turn   | Place    | Note
-------+----------+-------------------------------------------
     0 | D:1      | Dittersdorf the Gargoyle Fighter began the quest for the
                  | Orb.
     0 | D:1      | Reached XP level 1. HP: 14/14 MP: 1/1
     0 | D:1      | Noticed a minotaur zombie
     0 | D:1      | Noticed a demonspawn zombie
   125 | D:1      | Found Piofee's Distillery.
   133 | D:1      | Reached XP level 2. HP: 19/19 MP: 2/2
   244 | D:1      | Found Apsoih's Magic Scroll Shop.
   347 | D:1      | Found Otuf's Distillery.
   422 | D:1      | Reached XP level 3. HP: 19/23 MP: 3/3
   535 | D:1      | Found Zufevuz's Book Boutique.
  1125 | D:2      | Reached XP level 4. HP: 24/29 MP: 4/4
  1521 | D:2      | Noticed Terence
  1526 | D:2      | Killed Terence
  1708 | D:3      | Reached XP level 5. HP: 33/33 MP: 5/5
  1729 | D:3      | Found a blossoming altar of Fedhas.
  2440 | D:4      | Killed from afar by an orc priest

Illustrated notes

Levels and vault maps discovered:
D:1:      shiori_arrival_whats_in_store_for_you, layout_rooms, serial_shops,
          nicolae_shop_hallway_stairs, shop, shop_statue, nicolae_shop_rolled_up
D:2:      layout_basic, serial_curves, eino_curves_03, eino_curves_04,
          uniq_terence
D:3:      layout_rooms, nicolae_overflow_hidden_temple, dreamdust_wishing_well,
          kennysheep_generic_room_11
D:4:      layout_basic, minmay_close_crescents

Skill      XL: |  1  2  3  4 |
---------------+-------------+-----
Fighting       | 4 |  4.5
Armour         | 4 |  4.4
Shields        | 4 |  4.5
Maces & Flails | 3 |  3.3

Action                     |  1- 3 |  4- 6 || total
---------------------------+-------+-------++-------
  Melee: Flail             |   131 |    13 ||   144
         Morningstar       |       |   105 ||   105
    Use: Scroll            |       |     3 ||     3
 Armour: Scale mail        |    43 |       ||    43
         Chain mail        |    45 |   107 ||   152
  Dodge: Dodged            |    61 |    59 ||   120
  Block: Buckler           |    21 |    39 ||    60

Table legend: (Time is in decaauts)
 A = Elapsed time spent in this place.
 B = Non-inter-level travel time spent in this place.
 C = Inter-level travel time spent in this place.
 D = Time resting spent in this place.
 E = Time spent auto-exploring this place.
 F = Levels seen in this place.
 G = Mean time per level.
                   A        B        C        D        E       F      G
               +--------+--------+--------+--------+--------+-----+--------+
         Total |   2528 |   2473 |     55 |    125 |   1612 |   4 |  632.0 |
       Dungeon |   2528 |   2473 |     55 |    125 |   1612 |   4 |  632.0 |
               +--------+--------+--------+--------+--------+-----+--------+

Top non-repeatable levels by time:
     D:2: 1159 daAuts
     D:1: 706 daAuts
     D:3: 540 daAuts
     D:4: 122 daAuts
